 Dungeon Crawl Stone Soup version 0.29-a0-676-ga64570c9d2 (webtiles) character file.

Game seed: 8879541101873560589

840 testman the Gusty (level 8, 0/60 HPs)
             Began as a Gnoll Wanderer on June 24, 2022.
             Was a Believer of Zin.
             Slain by Pikel
             ... wielding a +0 whip of electrocution
              (7 damage)
             ... on level 5 of the Dungeon.
             The game lasted 00:20:50 (4423 turns).

testman the Gusty (Gnoll Wanderer)                  Turns: 4423, Time: 00:20:52

Health: 0/60       AC: 10    Str:  8 (10) XL:     8   Next: 0%
Magic:  4/16       EV: 10    Int: 22 (24) God:    Zin [**....]
Gold:   140        SH:  6    Dex: 17 (19) Spells: 14/18 levels left

rFire   . . .      SeeInvis .   s - +2 mace (holy)
rCold   . . .      Faith    .   d - +0 buckler
rNeg    . . .      Spirit   .   A - +3 ring mail "Koiluw" {-Tele Rampage Regen+ Int+10}
rPois   .          Reflect  .   (no helmet)
rElec   .          Harm     .   o - +0 cloak
rCorr   .          Rampage  +   (no gloves)
Will    .....      NoTele   +   (no boots)
Stlth   ++........              (no amulet)
HPRegen 1.00/turn               m - +6 ring of dexterity
MPRegen 0.15/turn               (no ring)

@: on recite cooldown
A: fangs 1, strong nose, distributed training
a: Renounce Religion, Recite, Vitalisation, Donate Gold


You were on level 5 of the Dungeon.
You worshipped Zin.
Zin was pleased with you.
You visited 1 branch of the dungeon, and saw 5 of its levels.

You collected 155 gold pieces.
You donated 15 gold pieces to Zin.

Inventory:

Hand Weapons
 a - a +0 dagger
 s - a +2 mace of holy wrath (weapon)
Missiles
 p - 6 curare-tipped darts
 u - 13 poisoned darts
Armour
 d - a +0 buckler (worn)
 o - a +0 cloak (worn)
 q - a +2 robe
 A - the +3 ring mail "Koiluw" (worn) {-Tele Rampage Regen+ Int+10}
   (You found it on level 4 of the Dungeon)

   Int:       It affects your intelligence (+10).
   -Tele:     It prevents most forms of teleportation.
   Regen:     It increases your rate of health regeneration.
   Rampage:   It bestows one free step when moving towards enemies.
 C - a +1 leather armour of fire resistance
Jewellery
 i - an amulet of guardian spirit
 m - a +6 ring of dexterity (left hand)
 t - a +6 ring of intelligence
Scrolls
 f - 3 scrolls of identify {unknown}
 h - a scroll of fear {unknown}
 l - a scroll of summoning {unknown}
 r - a scroll of brand weapon {unknown}
 w - a scroll of noise {unknown}
 x - a scroll of enchant armour {unknown}
 y - a scroll of poison {unknown}
Potions
 b - a potion of lignification
 c - a potion of might {unknown}
 e - a potion of magic {unknown}
 g - a potion of haste {unknown}
 j - a potion of mutation {unknown}
 k - a potion of cancellation {unknown}
 n - a potion of flight {unknown}
 v - a potion of degeneration
 z - a potion of invisibility {unknown}


   Skills:
 + Level 3.9 Fighting
 + Level 2.8 Short Blades
 + Level 2.8 Long Blades
 + Level 2.8 Axes
 + Level 2.8 Maces & Flails
 + Level 2.8 Polearms
 + Level 2.8 Staves
 + Level 2.8 Slings
 + Level 2.8 Bows
 + Level 2.8 Crossbows
 + Level 2.8 Throwing
 + Level 3.9 Armour
 + Level 2.8 Dodging
 + Level 2.8 Stealth
 + Level 5.4 Shields
 + Level 2.8 Unarmed Combat
 + Level 5.8 Spellcasting
 + Level 2.3 Conjurations
 + Level 2.3 Hexes
 + Level 2.3 Summonings
 + Level 2.3 Necromancy
 + Level 2.3 Translocations
 + Level 2.3 Transmutations
 + Level 3.2 Fire Magic
 + Level 2.3 Ice Magic
 + Level 6.0 Air Magic
 + Level 2.3 Earth Magic
 + Level 2.3 Poison Magic
 + Level 3.1 Invocations
 + Level 2.8 Evocations


You had 14 spell levels left.
You knew the following spells:

 Your Spells              Type           Power      Damage    Failure   Level
a - Shock                 Conj/Air       96%        1d9       6%          1
b - Swiftness             Air            32%        N/A       9%          3

Your spell library contained the following spells:

 Spells                   Type           Power      Damage    Failure   Level
 Poisonous Vapours        Pois/Air       48%        N/A       10%         2
 Foxfire                  Conj/Fire      72%        2x1d7     11%         1
 Sandblast                Erth           32%        2d9       13%         1
 Passwall                 Tmut/Erth      13%        N/A       21%         2
 Mephitic Cloud           Conj/Pois/Air  22%        N/A       24%         3
 Inner Flame              Hex/Fire       18%        N/A       32%         3
 Ignite Poison            Fire/Tmut/Pois 17%        N/A       34%         3
 Stone Arrow              Conj/Erth      32%        3d9       36%         3
 Corpse Rot               Necr/Pois/Air  22%        N/A       61%         4
 Freezing Cloud           Conj/Ice/Air   11%        6-21      91%         5


Dungeon Overview and Level Annotations

Branches:
Dungeon (5/15)
 Temple: D:4-7

Altars:
Dithmenos
Zin

Annotations:
D:5 Pikel


Innate Abilities, Weirdness & Mutations

You have very sharp teeth.
Your uncanny sense of smell can sniff out nearby items.
Your experience applies equally to all skills.


Message History

You are electrocuted!
Zin protects you from harm!
Okay, then.
Okay, then.
Casting: Shock (safe; 4% risk of failure)
Confirm with . or Enter, or press ? or * to list all spells.
You miscast Swiftness.
You are very lightly contaminated with residual magic.
Nothing appears to happen. "...and embraced faithfulness, for they feared Zin's wrath."
You finish reciting Apostates 2:4.
Pikel hits you with a +0 whip of electrocution.
* * * LOW HITPOINT WARNING * * *
It was a potion of degeneration.
There was something very wrong with that liquid.
You feel weakened.
You feel dopey.
You feel clumsy.
Pikel hits you with a +0 whip of electrocution.
* * * LOW HITPOINT WARNING * * *
You feel better. Pikel barely misses you.
You hit Pikel. You bite Pikel, but do no damage.
Pikel is severely wounded.
Pikel says, "Hell isn't that bad."
Pikel closely misses you.
You hit Pikel.
Pikel is almost dead.
Pikel completely misses you. Pikel barely misses you.
You hit Pikel. Your bite misses Pikel.
Pikel is almost dead.
Pikel completely misses you.
You hit Pikel but do no damage.
Pikel is almost dead.
You block Pikel's attack.
Your magical contamination has completely faded away.
You closely miss Pikel.
Pikel is almost dead.
Pikel hits you with a +0 whip of electrocution!
* * * LOW HITPOINT WARNING * * *
An ice beast comes into view.
Pikel hits you with a +0 whip of electrocution!
You die...

#.#.# .......... # ..#.#
.......... . ###.# ....<....# '#
..#.# .........##.### #.#.# ∆
.......5....... #.#.#
....5.)........ #.#'####
K...)..........
#......##################5.......
.......'........@K5.)..Y.........
##.....##################........
#.....#∆ #........ #.....# ∆ ∆
......... #.....# #...#.#..
#.....# ∆ #.#.#.#.# #.....# #.#..
# ####### .....


You could see Pikel, an ice beast (wandering) and a lemure.

Vanquished Creatures
  A water moccasin (D:5)
  The ghost of ShinZimon the Sneak, an amateur SpCj (D:4)
  A black bear (D:5)
  An ogre (D:4)
  A phantom (D:4)
  2 lemures (D:5)
  2 scorpions (D:4)
  An orc priest (D:5)
  Jessica (D:2)
  3 orc wizards (D:5)
  Robin (D:3)
  2 adders
  3 ufetubi
  3 worms
  2 dart slugs
  9 orcs (D:5)
  8 endoplasms
  A giant cockroach (D:1)
  14 goblins
  7 hobgoblins
  7 jackals
  10 kobolds
  2 quokkas
  2 ball pythons
  4 bats
  A frilled lizard (D:1)
  8 rats
98 creatures vanquished.

Notes
Turn   | Place    | Note
-------+----------+-------------------------------------------
     0 | D:1      | testman the Gnoll Wanderer began the quest for the Orb.
     0 | D:1      | testman set off with the following items: a +0 dagger, a
                  | potion of lignification, a +0 robe, a +0 buckler; and the
                  | following spells available to memorise: Shock, Swiftness,
                  | Foxfire, Inner Flame, Corpse Rot.
     0 | D:1      | Reached XP level 1. HP: 17/17 MP: 6/6
     2 | D:1      | Learned a level 1 spell: Shock
   102 | D:1      | Reached XP level 2. HP: 15/23 MP: 1/7
   485 | D:1      | You fall into a shaft and drop 1 floor!
   527 | D:1      | Reached XP level 3. HP: 28/28 MP: 9/9
   546 | D:1      | Learned a level 3 spell: Swiftness
   642 | D:1      | Reached skill level 5 in Spellcasting
  1004 | D:2      | Reached skill level 1 in Invocations
  1313 | D:2      | Reached skill level 1 in Short Blades
  1313 | D:2      | Reached skill level 1 in Long Blades
  1313 | D:2      | Reached skill level 1 in Axes
  1313 | D:2      | Reached skill level 1 in Maces & Flails
  1313 | D:2      | Reached skill level 1 in Polearms
  1313 | D:2      | Reached skill level 1 in Staves
  1313 | D:2      | Reached skill level 1 in Slings
  1313 | D:2      | Reached skill level 1 in Bows
  1313 | D:2      | Reached skill level 1 in Crossbows
  1313 | D:2      | Reached skill level 1 in Throwing
  1313 | D:2      | Reached skill level 1 in Dodging
  1313 | D:2      | Reached skill level 1 in Stealth
  1313 | D:2      | Reached skill level 1 in Unarmed Combat
  1313 | D:2      | Reached skill level 1 in Evocations
  1423 | D:2      | Found a faded altar of an unknown god.
  1427 | D:2      | Prayed at the altar of an unknown god.
  1427 | D:2      | Became a worshipper of Zin the Law-Giver
  1427 | D:2      | Reached * piety under Zin
  1529 | D:2      | Noticed Jessica
  1533 | D:2      | Killed Jessica
  1534 | D:2      | Reached XP level 4. HP: 34/34 MP: 7/11
  1618 | D:2      | Identified the +0 ring mail of Resourcefulness {Stlth+}
  1628 | D:2      | Reached ** piety under Zin
  1800 | D:3      | Reached skill level 1 in Conjurations
  1800 | D:3      | Reached skill level 1 in Hexes
  1800 | D:3      | Reached skill level 1 in Summonings
  1800 | D:3      | Reached skill level 1 in Necromancy
  1800 | D:3      | Reached skill level 1 in Translocations
  1800 | D:3      | Reached skill level 1 in Transmutations
  1800 | D:3      | Reached skill level 1 in Ice Magic
  1800 | D:3      | Reached skill level 1 in Earth Magic
  1800 | D:3      | Reached skill level 1 in Poison Magic
  1887 | D:3      | Noticed Robin
  1902 | D:3      | Killed Robin
  1903 | D:3      | Reached XP level 5. HP: 37/40 MP: 0/12
  2810 | D:4      | Noticed an ogre
  2820 | D:4      | Killed an ogre
  2821 | D:4      | Reached XP level 6. HP: 17/47 MP: 4/14
  3192 | D:4      | Found a shadowy altar of Dithmenos.
  3220 | D:4      | Reached skill level 5 in Shields
  4025 | D:4      | Found a runed translucent door.
  4027 | D:4      | Identified the +3 ring mail "Koiluw" {-Tele Rampage Regen+
                  | Int+10}
  4040 | D:4      | Noticed ShinZimon's ghost (amateur SpCj)
  4061 | D:4      | Killed ShinZimon's ghost
  4062 | D:4      | Reached XP level 7. HP: 35/50 MP: 15/15
  4184 | D:5      | Entered Level 5 of the Dungeon
  4325 | D:5      | Noticed Pikel
  4408 | D:5      | Reached skill level 6 in Air Magic
  4408 | D:5      | Reached XP level 8. HP: 60/60 MP: 4/16
  4415 | D:5      | Zin protects you from harm!
  4416 | D:5      | HP: 3/60 [Pikel/+0 whip of electrocution (5)]
  4423 | D:5      | Slain by Pikel

Illustrated notes

Levels and vault maps discovered:
D:1:      dpeg_arrival_rooms_a, layout_rooms
D:2:      layout_loops_ring, hellmonk_ecumenical_altar_heavens_door,
          uniq_jessica
D:3:      layout_basic, uniq_robin
D:4:      layout_loops_corners, nicolae_dithmenos_shadow_blocks,
          ebering_ghost_reflecting_pool
D:5:      layout_basic, nicolae_overflow_crystal_walls, uniq_pikel, uniq_grinder

Skill      XL: |  1  2  3  4  5  6  7 |
---------------+----------------------+-----
Fire Magic     | 2 3 |  3.2
Spellcasting   | 5 |  5.8
Invocations    | 1 2 3 |  3.1
Short Blades   | 1 2 |  2.8
Long Blades    | 1 2 |  2.8
Axes           | 1 2 |  2.8
Maces & Flails | 1 2 |  2.8
Polearms       | 1 2 |  2.8
Staves         | 1 2 |  2.8
Slings         | 1 2 |  2.8
Bows           | 1 2 |  2.8
Crossbows      | 1 2 |  2.8
Throwing       | 1 2 |  2.8
Dodging        | 1 2 |  2.8
Stealth        | 1 2 |  2.8
Unarmed Combat | 1 2 |  2.8
Evocations     | 1 2 |  2.8
Conjurations   | 1 2 |  2.3
Hexes          | 1 2 |  2.3
Summonings     | 1 2 |  2.3
Necromancy     | 1 2 |  2.3
Translocations | 1 2 |  2.3
Transmutations | 1 2 |  2.3
Ice Magic      | 1 2 |  2.3
Earth Magic    | 1 2 |  2.3
Poison Magic   | 1 2 |  2.3
Fighting       | 3 |  3.9
Armour         | 3 |  3.9
Shields        | 5 |  5.4
Air Magic      | 6 |  6.0

Action                   |  1- 3 |  4- 6 |  7- 9 || total
-------------------------+-------+-------+-------++-------
Melee: Dagger            |    49 |     4 |       ||    53
       Bite              |     6 |     5 |     4 ||    15
       Mace              |       |    50 |    29 ||    79
 Cast: Shock             |    45 |    63 |    24 ||   132
Invok: Recite            |     1 |     3 |     4 ||     8
       Vitalisation      |       |     1 |       ||     1
  Use: Potion            |       |       |     2 ||     2
 Stab: Sleeping          |     2 |     1 |       ||     3
       Confused          |       |       |     2 ||     2
Armor: Robe              |     9 |     3 |       ||    12
       Ring mail         |       |     1 |    19 ||    20
Dodge: Dodged            |    27 |    24 |    17 ||    68
Block: Buckler           |     7 |    10 |    11 ||    28

Table legend: (Time is in decaauts)
 A = Elapsed time spent in this place.
 B = Non-inter-level travel time spent in this place.
 C = Inter-level travel time spent in this place.
 D = Time resting spent in this place.
 E = Time spent auto-exploring this place.
 F = Levels seen in this place.
 G = Mean time per level.
                   A        B        C        D        E       F      G
               +--------+--------+--------+--------+--------+-----+--------+
         Total |   4449 |   4325 |    124 |    276 |   3336 |   5 |  889.8 |
       Dungeon |   4449 |   4325 |    124 |    276 |   3336 |   5 |  889.8 |
               +--------+--------+--------+--------+--------+-----+--------+

Top non-repeatable levels by time:
     D:4: 1448 daAuts
     D:3: 996 daAuts
     D:1: 909 daAuts
     D:2: 847 daAuts
     D:5: 247 daAuts
